 Dungeon Crawl Stone Soup version 0.30.1-11-g7821555f0a (webtiles) character file.

Game seed: 8899632593857509731

20071 lonewolfV2 the Formicid Cataclysm (level 13, -4/159 HPs)
             Began as a Formicid Fighter on Nov 17, 2023.
             Was a High Priest of Qazlal.
             Slain by a bone dragon (17 damage)
             ... on level 12 of the Dungeon.
             The game lasted 00:18:09 (12254 turns).

lonewolfV2 the Formicid Cataclysm (FoFi)           Turns: 12254, Time: 00:18:10

Health: -4/159     AC: 29    Str: 22    XL:     13   Next: 9%
Magic:  21/21      EV:  2    Int: 10    God:    Qazlal [*****.]
Gold:   721        SH: 27    Dex: 15    Spells: 12/12 levels left

rFire   . . .        a - +0 war axe (flame)
rCold   . . .        g - +4 kite shield
rNeg    . . .        q - melded +6 plate armour of Komoest {rElec}
rPois   +            (helmet unavailable)
rElec   .            w - melded +0 cloak
rCorr   .            (gloves currently unavailable)
SInv    .            (boots currently unavailable)
Will    +....        B - amulet of reflection
Stlth   +            l - ring of flight
HPRegen 0.46/turn    v - ring of poison resistance
MPRegen 0.17/turn

%: repel missiles, reflection
@: mighty, tree-form, protected from physical damage
A: stationary, stasis, torment immunity, boosted hp, permanent stasis, dig
shafts and tunnels, (antennae 3), four strong arms
a: Renounce Religion, Upheaval, Elemental Force, Disaster Area


You were on level 12 of the Dungeon.
You worshipped Qazlal.
Qazlal was extremely pleased with you.
You were a tree.
You visited 1 branch of the dungeon, and saw 12 of its levels.
You also visited: Sewer.

You collected 721 gold pieces.

Inventory:

Hand Weapons
 a - a +0 war axe of flaming (weapon)
 J - a +0 battleaxe
Missiles
 y - a throwing net
Armour
 g - a +4 kite shield (worn)
 q - the +6 plate armour of Komoest (melded) {rElec}
   (You acquired it on level 4 of the Dungeon)

   rElec:     It insulates you from electricity.
 w - a +0 cloak (melded)
Jewellery
 c - an amulet of magic regeneration
 e - a ring of willpower
 h - a ring of ice
 l - a ring of flight (left branch)
 s - a ring of magical power
 v - a ring of poison resistance (right branch)
 B - an amulet of reflection (around neck)
 E - a +6 ring of intelligence
Wands
 j - a wand of light (7)
 n - a wand of flame (74)
 p - a wand of polymorph (5)
 C - a wand of iceblast (23)
Scrolls
 r - a scroll of poison
 t - 3 scrolls of amnesia
 u - 2 scrolls of magic mapping
 G - a scroll of fear
 L - 2 scrolls of vulnerability
Potions
 b - a potion of mutation
 d - 5 potions of curing
 f - 3 potions of lignification
 i - 3 potions of cancellation
 k - 2 potions of magic
 o - 2 potions of haste
 x - a potion of might
 z - 5 potions of flight
 A - 2 potions of resistance
 D - a potion of ambrosia
 H - 2 potions of attraction
 I - a potion of invisibility
Miscellaneous
 K - a phial of floods (inert)


   Skills:
 - Level 11.0 Fighting
 - Level 10.0 Axes
 - Level 11.1 Armour
 - Level 10.8 Shields
 * Level 11.9 Invocations


You had 12 spell levels left.
You didn't know any spells.
Your spell library contained the following spells:

 Spells                   Type           Power      Damage    Failure   Level
 Magic Dart               Conj           0%         1d3       54%         1
 Scorch                   Fire           0%         2d5       69%         2
 Searing Ray              Conj           0%         2d4       69%         2
 Gell's Gravitas          Tloc           0%         N/A       89%         3
 Teleport Other           Tloc           0%         N/A       89%         3
 Flame Wave               Conj/Fire      0%         2d4       100%        4
 Fulminant Prism          Conj/Hex       0%         3d5       100%        4
 Manifold Assault         Tloc           0%         N/A       100%        4
 Dispersal                Tloc           0%         N/A       100%        6
 Summon Cactus Giant      Summ           0%         N/A       100%        6
 Storm Form               Tmut/Air       0%         N/A       100%        7
 Blink                    Tloc           Unusable   N/A       N/A         2

Dungeon Overview and Level Annotations

Branches:
Dungeon (12/15)            Temple (0/1) D:4            Lair (0/5) D:9
    Orc (0/2) D:9           Sewer (visited)

Altars:
Ashenzari
Makhleb
Nemelex Xobeh
Okawaru
Qazlal
Trog
Uskayaw
Vehumet
Wu Jian
Xom
Zin
The Shining One

Shops:
D:3 (   D:5 *   D:10 (

Portals:
Trove: D:10 (give +6 demon blade)

Annotations:
D:4 exclusion: statue
D:11 2 transporters


Innate Abilities, Weirdness & Mutations

You are a tree.
Your roots penetrate the ground, keeping you stationary.
You cannot be teleported.
You are immune to unholy pain and torment.
Your maximum health is greatly increased.
Your equipment is partially melded.
You cannot be hasted, slowed, berserked, paralysed or teleported.
You can dig through walls and to a lower floor.
((You have a pair of large antennae on your head. (SInv)))
Your four strong arms can wield two-handed weapons with a shield.


Message History

The bone dragon claws you but does no damage.
The bone dragon tramples you!
* * * LOW HITPOINT WARNING * * *
You hold your ground!
You feel better.
You feel less invigorated. The bone dragon completely misses you.
You block the bone dragon's attack. The bone dragon tramples you.
* * * LOW HITPOINT WARNING * * *
You hold your ground!
Really quaff the potion of lignification?
You turn into a tree.
Your +0 cloak melds into your body.
The +6 plate armour of Komoest {rElec} melds into your body.
Your roots penetrate the ground.
The bone dragon bites you but does no damage.
The bone dragon claws you but does no damage.
You block the bone dragon's attack.
You hit the bone dragon but do no damage.
The bone dragon is moderately damaged.
You block the bone dragon's attack. x2
The bone dragon tramples you but does no damage.
You slice the bone dragon!!
The bone dragon is moderately damaged.
The bone dragon bites you but does no damage.
You block the bone dragon's attack. x2
You slice the bone dragon!! You burn the bone dragon.
The bone dragon is heavily damaged.
You block the bone dragon's attack.
The bone dragon claws you but does no damage.
The bone dragon tramples you!
* * * LOW HITPOINT WARNING * * *
Aiming: Iceblast
Press: ? - help, Q - select action, (/) - cycle Shift-Dir - straight line, f/p - bone dragon
Aim: a bone dragon (heavily damaged) That beam is likely to hit you.
Continue anyway?
The mass of ice explodes!
The iceblast engulfs the bone dragon.
The bone dragon partially resists.
The bone dragon is heavily damaged.
The iceblast engulfs you but does no damage.
The bone dragon bites you!
You die...

...............###...............
........)......#.########'####...
...#############.............#.<.
...#.........................#...
...#.............#.#####.....#...
...#...................#.....#...
...#..##.##########'##.#.#####..#
...'..#..#...#...#...#.#[#......#
...#..#..#...'○D♣#...#.#.#......#
...#..#..#...#°..#...#...#......#
...#..#..##'###'###'##...#......#
...#..#..#...#...#...#..<#......#
...#..#..#...#...#...#...#......#
#..#..##.#...#.).#...#...#.......
#..#.....##'#######'##.+##.......
#..#####.#...#...#...#...........
#........#...'...'...#...........


You could see a bone dragon.

Vanquished Creatures
  Erolcha (D:10)
  Erica (D:10)
  A centaur warrior (D:11)
  A two-headed ogre (D:10)
  A boulder beetle (D:11)
  A tengu warrior (D:11)
  A wolf spider zombie (D:12)
  A cyclops (D:12)
  An ugly thing (D:12)
  A manticore (D:11)
  6 centaur zombies (D:12)
  12 centaur skeletons (D:12)
  A komodo dragon (D:10)
  5 trolls
  Prince Ribbit (D:6)
  Grinder (D:6)
  2 shadows
  A vampire (D:9)
  A wraith (D:10)
  16 yaks
  2 steam dragons (D:8)
  4 vampire mosquitoes
  Menkaure (D:6)
  An acid dragon (D:12)
  A water moccasin (D:8)
  Pargi (Sewer)
  6 orc warriors
  An ice beast (D:6)
  A sky beast (D:6)
  3 black bears (D:9)
  A centaur (D:8)
  4 kobold brigands
  6 bullfrogs
  2 gnoll sergeants
  6 scorpions
  9 wights (D:9)
  4 killer bees (D:11)
  A crimson imp (D:10)
  4 howler monkeys
  A hound (D:5)
  4 orc priests
  3 jellies
  A gnoll bouda (D:7)
  Ijyb (D:4)
  4 orc wizards
  An iguana (D:6)
  A sleepcap (D:6)
  A boggart skeleton (D:12)
  17 gnolls
  9 adders
  2 shadow imps
  A white imp (D:7)
  An ufetubus (D:5)
  3 worms
  3 dart slugs
  26 orcs
  5 bats
  4 endoplasms
  7 giant cockroaches
  5 goblins
  6 hobgoblins
  3 jackals
  20 kobolds
  3 quokkas
  4 ball pythons
  4 frilled lizards
  7 rats
261 creatures vanquished.

Vanquished Creatures (others)
  A kobold (D:11)
1 creature vanquished.

Grand Total: 262 creatures vanquished

Notes
Turn   | Place    | Note
-------+----------+-------------------------------------------
     0 | D:1      | lonewolfV2 the Formicid Fighter began the quest for the
                  | Orb.
     0 | D:1      | Reached XP level 1. HP: 18/18 MP: 1/1
   274 | D:1      | Reached XP level 2. HP: 25/25 MP: 2/2
   313 | D:1      | Found a faded altar of an unknown god.
  1430 | D:2      | Reached XP level 3. HP: 30/30 MP: 3/3
  1676 | D:2      | Reached XP level 4. HP: 38/38 MP: 4/4
  2032 | D:3      | Reached skill level 5 in Shields
  2037 | D:3      | Reached skill level 5 in Fighting
  2406 | D:3      | Reached XP level 5. HP: 43/44 MP: 5/5
  2461 | D:3      | Found a sparkling altar of Nemelex Xobeh.
  2514 | D:3      | Identified the +4 quarterstaff "Yphaebba" {flame, Str+4}
  2788 | D:3      | Found Acoihiunt's Weapon Emporium.
  3155 | D:3      | Found a stormy altar of Qazlal.
  3188 | D:3      | Became a worshipper of Qazlal Stormbringer
  3548 | D:4      | Noticed Ijyb
  3576 | D:4      | Killed Ijyb
  3942 | D:4      | Found a radiant altar of Vehumet.
  3943 | D:4      | Noticed a charred statue
  4071 | D:4      | Found a staircase to the Ecumenical Temple.
  4265 | D:4      | Found a glowing golden altar of the Shining One.
  4480 | D:4      | Identified a scroll of acquirement
  4480 | D:4      | Acquired the +6 plate armour of Komoest {rElec}
  4493 | D:5      | Entered Level 5 of the Dungeon
  4523 | D:5      | Reached XP level 6. HP: 47/52 MP: 6/6
  4572 | D:5      | Noticed a yak
  4572 | D:5      | Noticed a yak
  4573 | D:5      | Noticed a yak
  4573 | D:5      | Noticed a yak
  4598 | D:5      | Killed a yak
  4603 | D:5      | Killed a yak
  4604 | D:5      | Reached XP level 7. HP: 26/59 MP: 7/7
  4611 | D:5      | Killed a yak
  4618 | D:5      | Killed a yak
  4619 | D:5      | Reached XP level 8. HP: 28/67 MP: 8/8
  4822 | D:5      | Reached * piety under Qazlal
  4901 | D:5      | Found a glowing drain.
  4928 | Sewer    | Entered a sewer
  5086 | Sewer    | Noticed Pargi
  5098 | Sewer    | Killed Pargi
  5279 | D:5      | Found Vem Ebep's General Store.
  5658 | D:6      | Reached XP level 9. HP: 76/76 MP: 9/9
  5731 | D:6      | Noticed a +0 falchion
  5732 | D:6      | Noticed a +0 short sword
  5733 | D:6      | Noticed a +0 spear
  5735 | D:6      | Noticed a +0 falchion
  5736 | D:6      | Noticed a +0 short sword
  5787 | D:6      | Noticed a +0 dagger
  5787 | D:6      | Noticed a +0 dagger
  5787 | D:6      | Noticed a +0 spear
  5789 | D:6      | Found a hide-covered altar of Uskayaw.
  6101 | D:6      | Noticed Prince Ribbit
  6104 | D:6      | Noticed Menkaure
  6127 | D:6      | Reached skill level 10 in Fighting
  6127 | D:6      | Reached skill level 10 in Shields
  6128 | D:6      | Killed Menkaure
  6128 | D:6      | Reached ** piety under Qazlal
  6138 | D:6      | Killed Prince Ribbit
  6374 | D:6      | Noticed Grinder
  6394 | D:6      | Killed Grinder
  6514 | D:6      | Found an ornate altar of the Wu Jian Council.
  6623 | D:7      | Found a glowing silver altar of Zin.
  6634 | D:7      | Found a bloodstained altar of Trog.
  6635 | D:7      | Found a broken altar of Ashenzari.
  7085 | D:7      | Reached XP level 10. HP: 85/87 MP: 10/10
  7359 | D:8      | Reached skill level 5 in Armour
  7441 | D:8      | Reached skill level 5 in Axes
  8293 | D:9      | Found a staircase to the Orcish Mines.
  8353 | D:9      | Reached *** piety under Qazlal
  8944 | D:9      | Found a staircase to the Lair.
  8956 | D:9      | Reached XP level 11. HP: 77/93 MP: 11/11
  9139 | D:10     | Entered Level 10 of the Dungeon
  9148 | D:10     | Noticed a tengu warrior
  9149 | D:10     | Noticed a cyclops
  9149 | D:10     | Noticed a centaur warrior
  9150 | D:10     | Noticed a cyclops
  9159 | D:10     | Noticed a cyclops
  9162 | D:10     | Identified the +0 sling of Pain and Death {heavy, Fragile
                  | rElec rN++ SInv}
  9163 | D:10     | Noticed a deep elf pyromancer
  9163 | D:10     | Noticed a cyclops
  9166 | D:10     | Noticed a two-headed ogre
  9177 | D:10     | Killed a two-headed ogre
  9268 | D:10     | Found an iron altar of Okawaru.
  9383 | D:10     | Identified the staff of death "Mewid" {*Slow rF++ rN+
                  | Dex+5}
  9491 | D:10     | Noticed Erica
  9506 | D:10     | Killed Erica
  9549 | D:10     | Noticed Erolcha
  9561 | D:10     | Killed Erolcha
  9562 | D:10     | Reached skill level 10 in Armour
  9780 | D:10     | Found a portal to a secret trove of treasure.
  9827 | D:10     | Found a burning altar of Makhleb.
  9830 | D:10     | Found a shimmering altar of Xom.
  9884 | D:10     | Found Pyaxtass's Antique Weapon Shop.
 10076 | D:11     | Reached **** piety under Qazlal
 10548 | D:11     | Found a frozen archway.
 10628 | D:11     | Found a transporter.
 10672 | D:11     | Found a transporter.
 10719 | D:11     | Noticed a tengu warrior
 10719 | D:11     | Noticed a centaur warrior
 10719 | D:11     | Noticed a manticore
 10735 | D:11     | Killed a centaur warrior
 10736 | D:11     | Reached skill level 10 in Axes
 10736 | D:11     | Reached XP level 12. HP: 100/100 MP: 12/12
 10751 | D:11     | Reached skill level 1 in Invocations
 10757 | D:11     | Noticed a boulder beetle
 10781 | D:11     | Killed a boulder beetle
 10789 | D:11     | Killed a tengu warrior
 10790 | D:11     | Reached skill level 5 in Invocations
 11883 | D:12     | Reached ***** piety under Qazlal
 12178 | D:12     | Reached skill level 10 in Invocations
 12214 | D:12     | Reached XP level 13. HP: 104/106 MP: 21/21
 12220 | D:12     | Found the +9 sword of Zonguldrok {reap}
 12220 | D:12     | Noticed a bone dragon
 12254 | D:12     | Slain by a bone dragon

Illustrated notes

Levels and vault maps discovered:
D:1:      co_arrival_square_in_a_square_in_a_square, layout_basic,
          hellmonk_ecumenical_altar_run_dry, kennysheep_small_spiral,
          nrook_mini_vaults, minmay_unequal
D:2:      layout_basic, chequers_arboretum, kennysheep_generic_room_11
D:3:      layout_basic, nemelex_altar_shiori,
          mainiacjoe_overflow_surrounded_room, serial_shops,
          nicolae_shop_hallway_plus, corner_web_ring
D:4:      layout_loops_cross, mainiacjoe_overflow_catwalk, vehumet_statue,
          minmay_temple_entry_large_hall, uniq_ijyb
D:5:      layout_basic, portal_sewer_entry_a, ebering_dispersal_statue_hall,
          kennysheep_windowed_goal
D:6:      layout_loops_cross, nicolae_uskayaw_en_pointe,
          pdpol_wu_jian_five_deadly_venoms, nrook_mini_backslash, uniq_grinder,
          uniq_menkaure, uniq_prince_ribbit1
D:7:      layout_rooms, chequers_temple_overflow_statue_of_worship
D:8:      layout_basic
D:9:      layout_layer_cave, grunt_lair_entry_orc_guard_hut, orc_0_dummy
D:10:     layout_gridville, grunt_temple_overflow_champion_of_chaos,
          marbit_many_paths, nicolae_trove_entry_isolated, serial_shops,
          kennysheep_little_box, minivault_12, uniq_erolcha, uniq_erica
D:11:     gammafunk_worm_tunnel, layout_gridville,
          portal_ice_cave_entry_pillars_1, grunt_tough_drop
D:12:     layout_irregular_city, chequers_serial_rivers_marsh,
          minmay_guarded_unrand_zonguldrok

Skill      XL: |  1  2  3  4  5  6  7  8  9 10 11 12 |
---------------+-------------------------------------+-----
Fighting       | 4 5 6 7 9 11 | 11.0
Shields        | 5 6 7 8 9 10 | 10.8
Armour         | 4 8 11 | 11.1
Axes           | 3 7 10 | 10.0
Invocations    | 11 | 11.9

Action                     |  1- 3 |  4- 6 |  7- 9 | 10-12 | 13-15 || total
---------------------------+-------+-------+-------+-------+-------++-------
  Melee: War axe           |    67 |   152 |   216 |   425 |    23 ||   883
  Evoke: Wand              |       |       |       |    10 |     1 ||    11
         Phial of floods   |       |       |       |       |     1 ||     1
    Use: Scroll            |     5 |     7 |     5 |    11 |       ||    28
         Potion            |       |     2 |     7 |     3 |     7 ||    19
 Armour: Scale mail        |    33 |    47 |       |       |       ||    80
         Plate armour      |       |    23 |   166 |   218 |    56 ||   463
         Skin              |       |       |    16 |       |     6 ||    22
  Dodge: Dodged            |    25 |    51 |    52 |    87 |    23 ||   238
         Repelled          |       |       |       |     1 |       ||     1
  Block: Kite shield       |    32 |    91 |   195 |   659 |    70 ||  1047
         Reflection        |       |       |       |    12 |       ||    12
